 Dungeon Crawl Stone Soup version 0.28-a0-1594-ga885d4b3d6 (webtiles) character file.

Game seed: 5959748546965171063

7861 lunkers the Carver (level 11, -8/92 HPs)
             Began as a Formicid Hunter on Jan 20, 2022.
             Was an Initiate of Gozag.
             Mangled by Snorg (11 damage)
             ... on level 9 of the Dungeon.
             The game lasted 00:19:06 (11091 turns).

lunkers the Carver (Formicid Hunter)               Turns: 11091, Time: 00:19:06

Health: -8/92      AC: 16    Str: 27    XL:     11   Next: 45%
Magic:  17/17      EV: 11    Int: 11    God:    Gozag
Gold:   1865       SH:  0    Dex: 11    Spells: 19/19 levels left

rFire   . . .      SeeInvis +   b - +7 falchion of Qafaomu {spect, *Corrode rElec SInv}
rCold   . . .      Faith    .   (no shield)
rNeg    . . .      Spirit   .   q - +1 leather armour {Will+}
rPois   .          Reflect  .   (helmet unavailable)
rElec   +          Harm     .   t - +2 cloak {Stlth+}
rCorr   .          Rampage  .   g - +1 pair of gloves
Will    ++...                   K - +2 pair of boots
Stlth   ++........              (no amulet)
HPRegen 0.25/turn               m - +6 ring of strength
MPRegen 0.15/turn               o - +4 ring of protection

@: gold aura
A: permanent stasis, dig shafts and tunnels, antennae 3, four strong arms
a: Dig, Shaft Self, Renounce Religion, Potion Petition, Call Merchant, Bribe
Branch


You were on level 9 of the Dungeon.
You worshipped Gozag.
Gozag was most pleased with you.
You visited 2 branches of the dungeon, and saw 10 of its levels.
You also visited: Bailey.

You collected 1912 gold pieces.
You paid 47 gold pieces to Gozag.

Inventory:

Hand Weapons
 a - a +1 hand crossbow
 b - the +7 falchion of Qafaomu (weapon) {spect, *Corrode rElec SInv}
   (You found it on level 5 of the Dungeon)

   When its wielder attacks, the weapon's spirit leaps out and strikes again.
   The spirit shares a part of any damage it takes with its wielder.
   rElec:     It insulates you from electricity.
   SInv:      It lets you see invisible.
   *Corrode:  It may corrode you when you take damage.
 i - a +0 short sword
 k - a +2 short sword of draining
 s - a +1 whip of electrocution
 y - a +2 dagger of electrocution
Missiles
 d - 80 bolts
 L - 2 throwing nets
Armour
 e - a +0 plate armour
 g - a +1 pair of gloves (worn)
 p - a +2 robe
 q - a +1 leather armour of willpower (worn)
 t - a +2 cloak of stealth (worn)
 K - a +2 pair of boots (worn)
Jewellery
 l - a ring of fire
 m - a +6 ring of strength (left hand)
 o - a +4 ring of protection (right hand)
 B - a ring of magical power
Wands
 r - a wand of flame (25)
 C - a wand of iceblast (7)
 H - a wand of polymorph (6)
 J - a wand of charming (7)
Scrolls
 u - 3 scrolls of silence
 w - 2 scrolls of fear
 z - a scroll of enchant armour
Potions
 c - 3 potions of ambrosia
 h - a potion of mutation {unknown}
 j - 5 potions of curing
 n - 2 potions of berserk rage {unknown}
 v - 4 potions of attraction
 x - 2 potions of lignification {unknown}
 A - a potion of cancellation {unknown}
 D - a potion of invisibility {unknown}
 E - 5 potions of haste {unknown}
 F - 2 potions of brilliance {unknown}
 G - a potion of might {unknown}
 I - a potion of flight {unknown}


   Skills:
 + Level 10.8 Fighting
 - Level 4.0(8.6) Short Blades
 * Level 11.9(12.2) Long Blades
 - Level 5.4 Crossbows
 - Level 1.7 Dodging
 - Level 1.2 Stealth
 - Level 4.6 Spellcasting


You had 19 spell levels left.
You didn't know any spells.
Your spell library contained the following spells:

 Spells                   Type           Power      Damage    Failure   Level
 Sandblast                Erth           4%         2d4       26%         1
 Summon Small Mammal      Summ           8%         N/A       26%         1
 Passwall                 Tmut/Erth      1%         N/A       36%         2
 Static Discharge         Conj/Air       2%         N/A       36%         2
 Call Canine Familiar     Summ           2%         N/A       58%         3
 Gell's Gravitas          Tloc           2%         N/A       58%         3
 Stone Arrow              Conj/Erth      4%         3d7       58%         3
 Summon Guardian Golem    Hex/Summ       2%         N/A       58%         3
 Teleport Other           Tloc           2%         N/A       58%         3
 Cause Fear               Hex            1%         N/A       94%         4
 Dispel Undead            Necr           2%         3d7       94%         4
 Sticky Flame             Conj/Fire      2%         2d3       94%         4
 Manifold Assault         Tloc           2%         N/A       100%        5
 Dispersal                Tloc           1%         N/A       100%        6
 Dragon Form              Tmut           1%         N/A       100%        7
 Storm Form               Tmut/Air       1%         N/A       100%        7
 Dragon's Call            Summ           1%         N/A       100%        9
 Blink                    Tloc           Unusable   N/A       N/A         2

Dungeon Overview and Level Annotations

Branches:
Dungeon (9/15)             Temple (0/1) D:5             Orc (1/2) D:9
 Bailey (visited)
   Lair: D:8-11

Altars:
Ashenzari
Fedhas
Gozag
Hepliaklqana
Nemelex Xobeh
Okawaru
Sif Muna
Trog
Vehumet
Wu Jian

Shops:
D:5 *

Annotations:
D:9 Snorg


Innate Abilities, Weirdness & Mutations

You cannot be hasted, slowed, berserked, paralysed or teleported.
You can dig through walls and to a lower floor.
You have a pair of large antennae on your head. (SInv)
Your four strong arms can wield two-handed weapons with a shield.


Message History

The orange demon blinks!
The ogre blinks!
The orc warrior blinks!
The orange demon blinks!
You feel a strange sense of stasis.
You stop ascending the stairs.
The orc high priest blinks!
Snorg bites you but does no damage. Snorg claws you.
* * * LOW HITPOINT WARNING * * *
Snorg claws you but does no damage.
Unknown command.
Okay, then.
Snorg bites you but does no damage. Snorg claws you.
* * * LOW HITPOINT WARNING * * *
Snorg barely misses you.
The orc high priest mumbles some strange prayers to Beogh.
The orc warrior barely misses you.
You climb upwards.
Welcome back to the Dungeon!
There is a staircase to the Orcish Mines here.
Unknown command.
Unknown command.
Okay, then.
You slash Snorg!
Snorg is lightly wounded.
Snorg bites you!!
* * * LOW HITPOINT WARNING * * *
Snorg claws you but does no damage. Snorg barely misses you.
Snorg closely misses you. Snorg barely misses you. Snorg closely misses you.
Unknown command.
You can't see any enemies this would affect, really read the scroll of fear?
Okay, then.
You feel much better. Snorg closely misses you.
Snorg claws you but does no damage. Snorg claws you.
* * * LOW HITPOINT WARNING * * *
Okay, then.
You feel much better. Snorg bites you!
* * * LOW HITPOINT WARNING * * *
Snorg claws you.
* * * LOW HITPOINT WARNING * * *
Snorg closely misses you. Snorg bites you!!
* * * LOW HITPOINT WARNING * * *
Snorg claws you!
You die...
Your body crumbles into a pile of gold.

###############
########...........).[
#..................[.)
#.≈≈≈≈≈≈≈≈≈≈≈≈≈≈≈≈≈≈≈≈
#.≈≈≈≈≈≈≈≈≈≈≈≈≈≈≈≈≈≈≈≈
#.≈≈##################
##.≈≈#o≈...............
#..≈≈###......[........
#..≈≈#@T.......)8......
#..≈≈###......)))......
#..≈≈#o≈...............
#..≈≈##################
#..≈≈≈≈≈≈≈≈≈≈≈≈≈≈≈≈≈≈≈≈
#..≈≈≈≈≈≈≈≈≈≈≈≈≈≈≈≈≈≈≈≈
#.............[....(...
#.#.?.#########.######.
#......................


You could see Snorg (berserk).

Vanquished Creatures
  Harold (D:9)
  Pikel (D:6)
  An unseen horror (D:6)
  A troll (D:9)
  9 yaks (D:8)
  Sigmund (D:2)
  A shadow (D:6)
  A wyvern (D:8)
  2 steam dragons
  2 wargs (Orc:1)
  An acid dragon (D:9)
  Duvessa (D:6)
  2 water moccasins
  An ice beast (D:7)
  A sky beast (D:6)
  16 orc warriors
  A black bear (D:6)
  2 ogres
  2 lemures (D:6)
  A scorpion (D:5)
  Dowan (D:6)
  3 killer bees (D:9)
  6 wights
  2 electric eels (D:9)
  A centaur zombie (D:9)
  Crazy Yiuf (D:2)
  A centaur skeleton (D:6)
  8 orc priests
  2 gnoll shamans
  13 orc wizards
  A killer bee zombie (D:9)
  A hound skeleton (D:4)
  A howler monkey zombie (D:5)
  12 gnolls
  7 adders
  A shadow imp (D:6)
  2 white imps
  A dart slug (D:5)
  76 orcs
  7 endoplasms
  2 giant cockroaches
  9 goblins
  6 hobgoblins
  4 jackals (D:4)
  11 kobolds
  A quokka (D:1)
  9 ball pythons
  6 bats
  9 rats
252 creatures vanquished.

Notes
Turn   | Place    | Note
-------+----------+-------------------------------------------
     0 | D:1      | lunkers the Formicid Hunter began the quest for the Orb.
     0 | D:1      | Reached XP level 1. HP: 16/16 MP: 1/1
    84 | D:1      | Reached XP level 2. HP: 22/22 MP: 2/2
   424 | D:1      | Reached XP level 3. HP: 27/28 MP: 3/3
   505 | D:1      | Found a faded altar of an unknown god.
   892 | D:2      | Reached XP level 4. HP: 11/35 MP: 4/4
  1162 | D:2      | Reached skill level 1 in Short Blades
  1226 | D:2      | Found a runed translucent door.
  1227 | D:2      | Noticed Crazy Yiuf
  1253 | D:2      | Noticed Sigmund
  1261 | D:2      | Killed Sigmund
  1262 | D:2      | Reached skill level 5 in Crossbows
  1262 | D:2      | Reached XP level 5. HP: 42/42 MP: 5/5
  1262 | D:2      | Reached XP level 6. HP: 48/48 MP: 6/6
  1303 | D:2      | Found a radiant altar of Vehumet.
  1619 | D:2      | Killed Crazy Yiuf
  2003 | D:3      | Found a sparkling altar of Nemelex Xobeh.
  2814 | D:4      | Found an opulent altar of Gozag.
  2877 | D:4      | Became a worshipper of Gozag Ym Sagoz the Greedy
  2907 | D:4      | Found a hazy altar of Hepliaklqana.
  3555 | D:5      | Entered Level 5 of the Dungeon
  3665 | D:5      | Reached XP level 7. HP: 46/55 MP: 7/7
  3674 | D:5      | Reached skill level 5 in Fighting
  3907 | D:5      | Found Kiviog's CLEARANCE SALE!.
  4011 | D:5      | Found a bloodstained altar of Trog.
  4072 | D:5      | Found a staircase to the Ecumenical Temple.
  4158 | D:5      | Identified the +7 falchion of Qafaomu {spect, *Corrode
                  | rElec SInv}
  4448 | D:6      | Reached skill level 2 in Long Blades
  4551 | D:6      | Noticed Duvessa
  4554 | D:6      | Noticed Dowan
  4559 | D:6      | Killed Duvessa
  4560 | D:6      | Reached XP level 8. HP: 57/64 MP: 8/8
  4561 | D:6      | Killed Dowan
  4562 | D:6      | Reached skill level 3 in Long Blades
  4699 | D:6      | Found a shimmering blue altar of Sif Muna.
  4833 | D:6      | Reached skill level 1 in Spellcasting
  4941 | D:6      | Reached skill level 4 in Long Blades
  5103 | D:6      | Noticed an unseen horror
  5105 | D:6      | Noticed a shadow
  5117 | D:6      | Killed a shadow
  5118 | D:6      | Killed an unseen horror
  5119 | D:6      | Reached skill level 5 in Long Blades
  5119 | D:6      | Reached XP level 9. HP: 41/72 MP: 11/13
  5401 | D:6      | Reached skill level 6 in Long Blades
  5794 | D:6      | Noticed Pikel
  5806 | D:6      | Killed Pikel
  5807 | D:6      | Reached skill level 7 in Long Blades
  5941 | D:7      | Found a flagged portal.
  5992 | Bailey   | Entered a bailey
  6407 | Bailey   | Noticed an orc knight
  6419 | Bailey   | Noticed an orc knight
  6573 | D:7      | Found a blossoming altar of Fedhas.
  6591 | D:7      | Reached XP level 10. HP: 72/80 MP: 16/16
  6906 | D:7      | Reached skill level 8 in Long Blades
  7859 | D:8      | Reached skill level 9 in Long Blades
  8433 | D:8      | Found a broken altar of Ashenzari.
  8583 | D:8      | Reached skill level 10 in Long Blades
  9055 | D:9      | Found an ornate altar of the Wu Jian Council.
  9083 | D:9      | Reached XP level 11. HP: 82/90 MP: 17/17
  9115 | D:9      | Identified the +1 leather armour of Shielding {rF+}
  9145 | D:9      | Reached skill level 10 in Fighting
  9804 | D:9      | Noticed Harold
  9813 | D:9      | Killed Harold
  9814 | D:9      | Reached skill level 11 in Long Blades
 10126 | D:9      | Found an iron altar of Okawaru.
 10353 | D:9      | Found a staircase to the Orcish Mines.
 10529 | Orc:1    | Entered Level 1 of the Orcish Mines
 10984 | Orc:1    | Noticed an orc high priest
 11080 | Orc:1    | Noticed Snorg
 11089 | D:9      | HP: 1/92 [Snorg (24)]
 11091 | D:9      | Mangled by Snorg

Illustrated notes

Levels and vault maps discovered:
D:1:      onia_arrival_handbag, layout_loops_ring,
          shapermc_ecumenical_altar_notcrosses
D:2:      layout_rooms, basic_altar, minmay_misc_feat_more_columns,
          uniq_crazy_yiuf_cottage, uniq_sigmund
D:3:      layout_basic, nemelex_diamond_rough_becter
D:4:      layout_loops_cross, kennysheep_mini,
          mainiacjoe_overflow_concentric_impassable,
          chequers_serial_rivers_micro_a, hangedman_abyss_or_decor_stagger,
          kennysheep_generic_room_13
D:5:      layout_loops_cross, bloody_trog, minmay_temple_entry_offerings,
          nicolae_shop_clearance
D:6:      layout_basic, mainiacjoe_overflow_paths, minmay_three_doors,
          uniq_duvessa, uniq_pikel
D:7:      layout_basic, fedhas_altar_3, enter_bailey_5
D:8:      layout_loops_cross, nicolae_ashenzari_skybound
D:9:      layout_gridville, lemuel_tele_altar, lemuel_doored_altar, erik_orc_2,
          uniq_harold
Orc:1:    layout_diamond_mine, uniq_josephine, uniq_snorg

Skill      XL: |  1  2  3  4  5  6  7  8  9 10 11 |
---------------+----------------------------------+-----
Fighting       | 3 4 6 7 8 9 10 | 10.8
Short Blades   | 2 4 |  4.0
Crossbows      | 5 |  5.4
Long Blades    | 2 5 7 10 11 | 11.9
Spellcasting   | 3 4 |  4.6
Dodging        | |  1.7
Stealth        | |  1.2

Action                   |  1- 3 |  4- 6 |  7- 9 | 10-12 || total
-------------------------+-------+-------+-------+-------++-------
Melee: Dagger            |    13 |   125 |    26 |       ||   164
       Short sword       |     3 |       |       |       ||     3
       Punch             |       |     3 |     4 |     1 ||     8
       Falchion          |       |       |   147 |   229 ||   376
 Fire: Hand crossbow     |    61 |       |       |       ||    61
Evoke: Wand              |       |       |    12 |     2 ||    14
  Use: Scroll            |       |     9 |     4 |     2 ||    15
       Potion            |       |       |       |     2 ||     2
 Stab: Sleeping          |     1 |     5 |     2 |     3 ||    11
       Distracted        |       |     1 |     2 |     2 ||     5
Armor: Leather armour    |     7 |     4 |       |    57 ||    68
       Robe              |       |    30 |    84 |    24 ||   138
Dodge: Dodged            |    14 |    57 |   120 |    95 ||   286

Table legend: (Time is in decaauts)
 A = Elapsed time spent in this place.
 B = Non-inter-level travel time spent in this place.
 C = Inter-level travel time spent in this place.
 D = Time resting spent in this place.
 E = Time spent auto-exploring this place.
 F = Levels seen in this place.
 G = Mean time per level.
                   A        B        C        D        E       F      G
               +--------+--------+--------+--------+--------+-----+--------+
         Total |  11038 |  10656 |    382 |    921 |   7951 |  11 | 1003.5 |
       Dungeon |  10374 |   9992 |    382 |    921 |   7513 |   9 | 1152.7 |
  Orcish Mines |    205 |    205 |      0 |      0 |    136 |   1 |  205.0 |
        Bailey |    458 |    458 |      0 |      0 |    302 |   1 |  458.0 |
               +--------+--------+--------+--------+--------+-----+--------+

Top non-repeatable levels by time:
     D:8: 1705 daAuts
     D:9: 1699 daAuts
     D:6: 1519 daAuts
     D:1: 1097 daAuts
     D:7: 1029 daAuts
     D:4: 971 daAuts
     D:3: 859 daAuts
     D:5: 790 daAuts
     D:2: 702 daAuts
  Bailey: 458 daAuts
   Orc:1: 205 daAuts
